AoeStats
← isaacbarcelona1990

Fortress

508633645Analyzed
2v2 RM · 10d ago on Sep 23, 2026· 45m 15s· 4 players
Game mode
Random Map
Map size
Normal (6 player)
Population
200
Speed
Normal
Resources
Standard
Victory
Conquest
Starting age
Dark Age
Ending age
Imperial Age
RankedLock teamsTeams togetherTeam positionsShared explorationLock speedFull tech treeHidden civsTurbo modeCheats
Victory
Defeat
🇺🇸 Persians · United States
886
+15
🇵🇪 Magyars · Peru
868
+16
🇪🇸 Spanish · Spain
869
-43
🇳🇱 Spanish · Netherlands
858
-20
iHateArabia
7:50 Feudal Age
6:07 Loom
9:42 Wheelbarrow
11:54 Castle Age
9:58 Double-Bit Axe
11:17 Fletching
11:20 Horse Collar
15:47 Bow Saw
15:46 Heavy Plow
16:15 Bodkin Arrow
17:00 Scale Barding Armor
18:05 Hand Cart
22:40 Fervor
23:31 Ballistics
24:12 Husbandry
24:28 Town Watch
26:05 Fervor
29:47 Imperial Age
28:51 Siphons
30:00 Chain Barding Armor
32:04 Chemistry
32:44 Cavalier
34:08 Plate Barding Armor
35:20 Bloodlines
34:35 Light Cavalry
40:46 Forging
isaacbarcelona1990
8:06 Loom
9:53 Feudal Age
8:14 Loom
10:30 Gold Mining
10:31 Stone Mining
10:31 Double-Bit Axe
11:48 Horse Collar
15:55 Bloodlines
18:43 Forging
18:34 Scale Mail Armor
18:41 Scale Barding Armor
18:28 Fletching
18:39 Padded Archer Armor
23:26 Castle Age
24:37 Wheelbarrow
23:49 Town Watch
24:34 Husbandry
25:15 Heavy Plow
26:08 Bow Saw
Vane
7:18 Feudal Age
5:35 Loom
8:11 Double-Bit Axe
13:57 Castle Age
12:48 Gold Mining
12:41 Horse Collar
15:29 Heavy Plow
15:43 Bow Saw
16:47 Wheelbarrow
22:51 Imperial Age
20:48 Elite Skirmisher
21:23 Stone Mining
23:38 Corvinian Army
24:54 Two-Man Saw
24:49 Gold Shaft Mining
26:50 Crop Rotation
27:12 Fletching
27:31 Scale Barding Armor
28:45 Bodkin Arrow
29:54 Chemistry
28:50 Murder Holes
31:09 Ballistics
30:29 Elite Magyar Huszar
33:17 Thumb Ring
35:29 Bracer
35:30 Padded Archer Armor
35:53 Chain Barding Armor
35:34 Padded Archer Armor
35:16 Crossbowman
36:14 Arbalester
41:11 Leather Archer Armor
45:30 Plate Barding Armor
45:27 Ring Archer Armor
45:17 Hand Cart
Kris
7:26 Feudal Age
9:06 Double-Bit Axe
11:39 Castle Age
10:12 Horse Collar
11:07 Stone Mining
12:05 Gold Mining
17:35 Bow Saw
28:01 Imperial Age
26:09 Wheelbarrow
26:40 Town Watch
27:11 Hand Cart
26:41 Loom
27:33 Town Patrol
27:51 Kamandaran
27:14 Elite Skirmisher
27:20 Crossbowman
28:05 Thumb Ring
29:43 Elite War Elephant
31:48 Stone Shaft Mining
31:48 Gold Shaft Mining
32:23 Chemistry
31:44 Ballistics
31:26 Padded Archer Armor
31:17 Fletching
32:41 Conscription
32:49 Pikeman
33:30 Squires
34:38 Citadels
38:41 Two-Man Saw
39:07 Husbandry
39:18 Bloodlines
39:24 Cavalier
41:01 Leather Archer Armor
40:41 Bodkin Arrow
40:52 Scale Barding Armor
40:47 Scale Mail Armor
40:58 Forging
40:54 Savar
42:03 Heavy Plow
43:43 Chain Barding Armor
45:23 Iron Casting
45:03 Chain Mail Armor
45:20 Ring Archer Armor
Connection lost

Rejoining the realm…

Still unreachable

The connection could not be restored.

Session expired

The server has moved on; the page needs a fresh start.